[ AOE2 MATCH · #485897918 ]
UnrankedCelts vs Mongols
[ REPLAY ANALYSIS · EXTRACTED FROM THE RECORDED GAME ]
Feudal
13:06
Castle
17:19
Imperial
—
| APM avg | 26.9 |
| APM peak | 79 |
| eAPM avg | 16.2 |
| Villagers / military | 120 / 142 |
Focus
⚔️ 24.0% · 🌾 76.0%
Woad Raider ×123 · Fishing Ship ×12 · Scorpion ×9 · Trade Cart ×5 · Battering Ram ×5 · Mangonel ×3
Feudal
—
Castle
—
Imperial
—
| APM avg | 28.1 |
| APM peak | 54 |
| eAPM avg | 17.0 |
| Villagers / military | 88 / 64 |
Focus
⚔️ 19.8% · 🌾 80.2%
Mangudai ×55 · Monk ×5 · Spearman ×2 · Battering Ram ×2
Feudal
9:40
Castle
17:09
Imperial
—
| APM avg | 15.3 |
| APM peak | 41 |
| eAPM avg | 11.1 |
| Villagers / military | 77 / 17 |
Focus
⚔️ 16.6% · 🌾 83.4%
Huskarl ×8 · Spearman ×4 · Knight ×2 · Scorpion ×2 · Mangonel ×1
Feudal
12:15
Castle
16:35
Imperial
24:28
| APM avg | 14.9 |
| APM peak | 27 |
| eAPM avg | 12.1 |
| Villagers / military | 113 / 28 |
Focus
⚔️ 22.8% · 🌾 77.2%
Tarkan ×20 · Trebuchet (Packed) ×4 · Spearman ×2 · Battering Ram ×2
Feudal
10:38
Castle
21:39
Imperial
—
| APM avg | 43.5 |
| APM peak | 80 |
| eAPM avg | 19.8 |
| Villagers / military | 59 / 79 |
Focus
⚔️ 18.8% · 🌾 81.2%
Archer ×71 · Skirmisher ×3 · Fishing Ship ×3 · Spearman ×2 · Demolition Raft ×2 · Monk ×1
Feudal
11:22
Castle
20:49
Imperial
28:25
| APM avg | 30.7 |
| APM peak | 54 |
| eAPM avg | 20.0 |
| Villagers / military | 118 / 120 |
Focus
⚔️ 22.5% · 🌾 77.5%
Fire Lancer ×84 · Archer ×30 · Battering Ram ×6
Feudal
12:02
Castle
18:05
Imperial
30:42
| APM avg | 29.7 |
| APM peak | 42 |
| eAPM avg | 20.2 |
| Villagers / military | 144 / 100 |
Focus
⚔️ 29.3% · 🌾 70.7%
Knight ×77 · Skirmisher ×19 · Fishing Ship ×8 · Demolition Raft ×4
Feudal
13:19
Castle
17:24
Imperial
29:58
| APM avg | 42.5 |
| APM peak | 68 |
| eAPM avg | 23.7 |
| Villagers / military | 150 / 1 |
Focus
⚔️ 20.0% · 🌾 80.0%
Unknown (1949) ×61 · Fishing Ship ×58 · Monk ×1
Match map
Initial resources + every placement click. Lines = walls · curves = elevation contours. ◆ gold · ⬟ stone · ● berries · ✦ relic · ◌ wall gap
Your base· Open — unwalled flank
scl5724's base· Open — 4t gap
Verto1992's base· Open — unwalled flank
Swordfish's base· Open — unwalled flank
CDLP_Themachine's base· ✓ Closed at 21:39 · 32t walls · 2 gate(s) · fragile
Healthy girl's base· ✓ Closed at 20:49 · 0t walls · fragile
jaamiryu's base· Open — 1t gap
Narcoxs's base· Open — unwalled flank
Smoothed initial terrain · ◌ = detected wall gap · hover for details
Inputs per minute
— mahoganygnu - - scl5724
Build order — mahoganygnu
First 150 of 324 actions detected
| 0:02 | Create | Villager (Male) |
| 0:03 | Create | Villager (Male) |
| 0:03 | Create | Villager (Male) |
| 0:04 | Build | House |
| 0:05 | Build | House |
| 0:09 | Create | Villager (Male) |
| 0:09 | Create | Villager (Male) |
| 0:09 | Create | Villager (Male) |
| 0:11 | Build | House |
| 0:12 | Build | House |
| 0:14 | Research | Loom |
| 1:34 | Create | Villager (Male) |
| 2:19 | Create | Villager (Male) |
| 2:19 | Create | Villager (Male) |
| 2:24 | Create | Villager (Male) |
| 2:24 | Create | Villager (Male) |
| 2:38 | Build | Lumber Camp |
| 2:40 | Create | Villager (Male) |
| 2:40 | Create | Villager (Male) |
| 3:08 | Create | Villager (Male) |
| 3:08 | Create | Villager (Male) |
| 3:19 | Create | Villager (Male) |
| 3:20 | Create | Villager (Male) |
| 3:38 | Create | Villager (Male) |
| 3:38 | Create | Villager (Male) |
| 3:46 | Create | Villager (Male) |
| 4:13 | Create | Villager (Male) |
| 4:13 | Create | Villager (Male) |
| 4:24 | Build | Dock |
| 4:33 | Create | Villager (Male) |
| 4:33 | Create | Villager (Male) |
| 4:34 | Create | Villager (Male) |
| 4:54 | Build | House |
| 4:55 | Build | House |
| 5:21 | Create | Villager (Male) |
| 5:21 | Create | Villager (Male) |
| 5:21 | Create | Villager (Male) |
| 5:26 | Create | Fishing Ship |
| 5:48 | Create | Villager (Male) |
| 5:48 | Create | Villager (Male) |
| 5:55 | Create | Villager (Male) |
| 5:55 | Create | Villager (Male) |
| 6:04 | Create | Fishing Ship |
| 6:04 | Create | Fishing Ship |
| 6:04 | Create | Fishing Ship |
| 6:20 | Create | Villager (Male) |
| 6:20 | Create | Villager (Male) |
| 6:39 | Create | Villager (Male) |
| 6:39 | Create | Villager (Male) |
| 6:39 | Create | Villager (Male) |
| 6:50 | Build | House |
| 6:53 | Build | House |
| 6:54 | Build | House |
| 6:58 | Create | Villager (Male) |
| 6:58 | Create | Villager (Male) |
| 6:58 | Create | Villager (Male) |
| 6:59 | Create | Villager (Male) |
| 6:59 | Create | Villager (Male) |
| 6:59 | Create | Villager (Male) |
| 7:01 | Create | Fishing Ship |
| 7:02 | Create | Fishing Ship |
| 7:17 | Create | Villager (Male) |
| 7:17 | Create | Villager (Male) |
| 7:18 | Create | Villager (Male) |
| 7:18 | Create | Villager (Male) |
| 7:42 | Create | Villager (Male) |
| 7:42 | Create | Villager (Male) |
| 7:55 | Create | Villager (Male) |
| 7:55 | Create | Villager (Male) |
| 7:56 | Create | Villager (Male) |
| 7:58 | Create | Fishing Ship |
| 7:58 | Create | Fishing Ship |
| 7:58 | Create | Fishing Ship |
| 7:59 | Create | Fishing Ship |
| 8:07 | Create | Villager (Male) |
| 8:08 | Create | Villager (Male) |
| 8:28 | Build | Mill |
| 8:42 | Create | Villager (Male) |
| 8:51 | Create | Villager (Male) |
| 8:51 | Create | Villager (Male) |
| 9:10 | Build | Mining Camp |
| 9:16 | Create | Villager (Male) |
| 9:17 | Create | Villager (Male) |
| 9:18 | Create | Villager (Male) |
| 9:20 | Create | Fishing Ship |
| 9:22 | Create | Villager (Male) |
| 9:22 | Create | Villager (Male) |
| 9:23 | Create | Villager (Male) |
| 9:23 | Create | Villager (Male) |
| 9:23 | Create | Villager (Male) |
| 9:42 | Create | Villager (Male) |
| 9:56 | Build | Mill |
| 10:20 | Create | Villager (Male) |
| 10:32 | Create | Villager (Male) |
| 10:34 | Build | House |
| 10:36 | Build | House |
| 10:46 | Research | Feudal Age |
| 10:53 | Create | Villager (Male) |
| 10:54 | Create | Villager (Male) |
| 10:55 | Create | Fishing Ship |
| 11:03 | Build | Mining Camp |
| 11:34 | Build | Lumber Camp |
| 12:12 | Build | Palisade Wall |
| 12:20 | Build | Palisade Gate |
| 12:49 | Build | Barracks |
| 13:02 | Build | Mill |
| 13:06 | Age | Feudal Age |
| 13:14 | Build | Market |
| 13:23 | Research | Town Watch |
| 13:25 | Create | Villager (Male) |
| 13:25 | Create | Villager (Male) |
| 13:37 | Build | Blacksmith |
| 13:47 | Create | Villager (Male) |
| 13:49 | Research | Tech 906 |
| 13:56 | Research | Horse Collar |
| 13:59 | Research | Double-Bit Axe |
| 14:05 | Research | Gold Mining |
| 14:06 | Research | Gold Mining |
| 14:18 | Create | Villager (Male) |
| 14:18 | Create | Villager (Male) |
| 14:19 | Create | Villager (Male) |
| 14:19 | Create | Villager (Male) |
| 14:19 | Create | Villager (Male) |
| 14:19 | Create | Villager (Male) |
| 14:20 | Create | Villager (Male) |
| 14:22 | Research | Stone Mining |
| 14:27 | Build | House |
| 14:28 | Build | House |
| 14:29 | Build | House |
| 14:34 | Research | Wheelbarrow |
| 14:39 | Research | Castle Age |
| 14:42 | Create | Villager (Male) |
| 14:51 | Create | Villager (Male) |
| 14:52 | Create | Villager (Male) |
| 15:16 | Research | Arson |
| 15:20 | Research | Scale Mail Armor |
| 15:21 | Research | Forging |
| 15:24 | Research | Fletching |
| 15:39 | Build | House |
| 15:40 | Build | House |
| 15:41 | Build | House |
| 15:54 | Build | Stone Wall |
| 15:58 | Build | Gate |
| 16:15 | Build | Farm |
| 16:17 | Build | Farm |
| 16:18 | Build | Farm |
| 16:19 | Build | Farm |
| 16:21 | Build | Farm |
| 16:38 | Build | Farm |
| 16:45 | Build | Farm |
Build order — scl5724
First 150 of 287 actions detected
| 0:06 | Build | House |
| 0:07 | Build | House |
| 0:09 | Research | Loom |
| 0:10 | Create | Villager (Male) |
| 0:10 | Create | Villager (Male) |
| 0:10 | Create | Villager (Male) |
| 0:18 | Create | Villager (Male) |
| 1:33 | Create | Villager (Male) |
| 1:40 | Create | Villager (Male) |
| 2:34 | Create | Villager (Male) |
| 2:40 | Create | Villager (Male) |
| 2:56 | Create | Villager (Male) |
| 3:01 | Create | Villager (Male) |
| 3:08 | Build | House |
| 3:19 | Create | Villager (Male) |
| 3:22 | Create | Villager (Male) |
| 3:31 | Create | Villager (Male) |
| 3:37 | Build | House |
| 3:47 | Create | Villager (Male) |
| 4:07 | Create | Villager (Male) |
| 4:19 | Build | Mill |
| 4:27 | Create | Villager (Male) |
| 4:49 | Create | Villager (Male) |
| 4:50 | Create | Villager (Male) |
| 4:52 | Create | Villager (Male) |
| 5:12 | Create | Villager (Male) |
| 5:14 | Create | Villager (Male) |
| 5:22 | Build | Lumber Camp |
| 5:42 | Create | Villager (Male) |
| 5:45 | Create | Villager (Male) |
| 5:54 | Build | House |
| 6:16 | Create | Villager (Male) |
| 6:20 | Create | Villager (Male) |
| 6:26 | Build | House |
| 6:31 | Build | Palisade Wall |
| 6:35 | Create | Villager (Male) |
| 6:42 | Create | Villager (Male) |
| 7:00 | Build | Lumber Camp |
| 7:10 | Create | Villager (Male) |
| 7:10 | Create | Villager (Male) |
| 7:28 | Build | Mining Camp |
| 7:35 | Create | Villager (Male) |
| 8:10 | Research | Feudal Age |
| 8:16 | Create | Villager (Male) |
| 8:55 | Build | Barracks |
| 9:59 | Build | Palisade Wall |
| 10:03 | Build | Palisade Gate |
| 10:24 | Build | Mining Camp |
| 10:28 | Build | Blacksmith |
| 10:33 | Build | Market |
| 10:36 | Research | Wheelbarrow |
| 10:40 | Create | Villager (Male) |
| 10:40 | Create | Villager (Male) |
| 10:40 | Create | Villager (Male) |
| 11:02 | Build | Palisade Wall |
| 11:05 | Build | Palisade Gate |
| 11:14 | Research | Castle Age |
| 11:30 | Research | Double-Bit Axe |
| 11:37 | Research | Horse Collar |
| 11:43 | Build | Mining Camp |
| 11:52 | Create | Villager (Male) |
| 11:57 | Create | Villager (Male) |
| 12:20 | Build | Palisade Wall |
| 12:36 | Build | House |
| 12:38 | Build | House |
| 12:39 | Build | House |
| 12:40 | Build | House |
| 12:53 | Research | Stone Mining |
| 12:56 | Research | Gold Mining |
| 13:10 | Create | Spearman |
| 13:10 | Create | Spearman |
| 13:15 | Research | Fletching |
| 13:37 | Build | Farm |
| 13:38 | Build | Farm |
| 13:39 | Build | Farm |
| 13:40 | Build | Farm |
| 14:16 | Build | House |
| 14:17 | Build | House |
| 14:18 | Build | House |
| 14:33 | Research | Town Watch |
| 14:36 | Create | Villager (Male) |
| 14:36 | Create | Villager (Male) |
| 14:48 | Build | Farm |
| 14:49 | Build | Farm |
| 14:50 | Build | Farm |
| 14:59 | Build | House |
| 15:33 | Create | Villager (Male) |
| 15:33 | Create | Villager (Male) |
| 15:47 | Build | Castle |
| 15:56 | Create | Villager (Male) |
| 16:24 | Build | Stone Wall |
| 16:29 | Build | Gate |
| 16:38 | Create | Villager (Male) |
| 16:42 | Create | Villager (Male) |
| 16:42 | Create | Villager (Male) |
| 16:48 | Build | Farm |
| 16:49 | Build | Farm |
| 17:09 | Build | Mill |
| 17:12 | Create | Mangudai |
| 17:13 | Create | Mangudai |
| 17:34 | Build | Stone Wall |
| 17:35 | Build | Stone Wall |
| 17:37 | Build | Stone Wall |
| 17:48 | Build | Stone Wall |
| 18:03 | Build | House |
| 18:05 | Build | House |
| 18:07 | Research | Hand Cart |
| 18:11 | Create | Villager (Male) |
| 18:11 | Create | Villager (Male) |
| 18:17 | Build | Farm |
| 18:19 | Build | Farm |
| 18:19 | Build | Farm |
| 18:20 | Build | Farm |
| 18:21 | Build | Farm |
| 18:29 | Create | Mangudai |
| 18:29 | Create | Mangudai |
| 18:41 | Build | Monastery |
| 18:49 | Create | Villager (Male) |
| 18:50 | Create | Villager (Male) |
| 18:50 | Create | Villager (Male) |
| 18:55 | Build | Farm |
| 18:56 | Build | Farm |
| 18:59 | Create | Villager (Male) |
| 18:59 | Create | Villager (Male) |
| 18:59 | Create | Villager (Male) |
| 19:19 | Build | University |
| 19:21 | Create | Villager (Male) |
| 19:43 | Create | Mangudai |
| 19:44 | Create | Mangudai |
| 20:24 | Create | Monk |
| 20:31 | Build | Archery Range |
| 20:35 | Create | Mangudai |
| 20:35 | Create | Mangudai |
| 20:52 | Research | Bodkin Arrow |
| 20:53 | Research | Padded Archer Armor |
| 21:00 | Create | Villager (Male) |
| 21:00 | Create | Villager (Male) |
| 21:06 | Create | Villager (Male) |
| 21:06 | Create | Villager (Male) |
| 21:22 | Create | Mangudai |
| 21:50 | Research | Ballistics |
| 21:55 | Create | Mangudai |
| 21:55 | Create | Mangudai |
| 21:56 | Create | Mangudai |
| 22:22 | Create | Mangudai |
| 22:22 | Create | Mangudai |
| 22:30 | Create | Monk |
| 22:43 | Create | Mangudai |
| 22:43 | Create | Mangudai |
| 22:52 | Create | Villager (Male) |
Build order — Verto1992
First 150 of 184 actions detected
| 0:02 | Create | Villager (Male) |
| 0:03 | Create | Villager (Male) |
| 0:10 | Build | House |
| 0:10 | Build | House |
| 0:30 | Create | Villager (Male) |
| 0:31 | Create | Villager (Male) |
| 0:53 | Research | Loom |
| 1:48 | Create | Villager (Male) |
| 1:52 | Create | Villager (Male) |
| 2:07 | Create | Villager (Male) |
| 2:24 | Build | Lumber Camp |
| 2:27 | Create | Villager (Male) |
| 2:31 | Create | Villager (Male) |
| 2:44 | Create | Villager (Male) |
| 2:53 | Build | House |
| 3:02 | Create | Villager (Male) |
| 3:02 | Create | Villager (Male) |
| 3:13 | Create | Villager (Male) |
| 3:23 | Build | House |
| 3:30 | Create | Villager (Male) |
| 4:04 | Create | Villager (Male) |
| 4:07 | Create | Villager (Male) |
| 4:28 | Create | Villager (Male) |
| 4:33 | Create | Villager (Male) |
| 4:53 | Create | Villager (Male) |
| 5:04 | Create | Villager (Male) |
| 5:16 | Build | Mill |
| 5:52 | Create | Villager (Male) |
| 6:00 | Create | Villager (Male) |
| 6:05 | Create | Villager (Male) |
| 6:36 | Create | Villager (Male) |
| 6:40 | Build | House |
| 6:47 | Create | Villager (Male) |
| 7:13 | Build | Lumber Camp |
| 7:30 | Research | Feudal Age |
| 7:33 | Create | Villager (Male) |
| 7:33 | Create | Villager (Male) |
| 7:45 | Build | Mining Camp |
| 8:03 | Build | Palisade Wall |
| 8:40 | Build | Mill |
| 9:08 | Create | Villager (Male) |
| 9:08 | Create | Villager (Male) |
| 9:19 | Build | House |
| 9:19 | Build | House |
| 9:20 | Build | House |
| 9:32 | Build | Palisade Wall |
| 9:35 | Build | Palisade Wall |
| 9:40 | Age | Feudal Age |
| 9:43 | Create | Villager (Male) |
| 10:02 | Build | Palisade Wall |
| 10:16 | Build | Palisade Wall |
| 10:34 | Build | Mining Camp |
| 10:44 | Create | Villager (Male) |
| 11:09 | Build | Market |
| 11:15 | Build | Palisade Wall |
| 11:26 | Build | Palisade Wall |
| 11:33 | Create | Villager (Male) |
| 11:47 | Build | Palisade Wall |
| 12:01 | Create | Villager (Male) |
| 12:06 | Create | Villager (Male) |
| 12:10 | Research | Horse Collar |
| 12:15 | Build | Farm |
| 12:15 | Build | Farm |
| 12:15 | Build | Farm |
| 12:16 | Build | Farm |
| 13:07 | Build | Farm |
| 13:07 | Build | Farm |
| 13:12 | Create | Villager (Male) |
| 13:21 | Build | Farm |
| 13:21 | Build | Farm |
| 13:22 | Build | Farm |
| 13:22 | Build | Farm |
| 13:22 | Build | Farm |
| 13:24 | Build | Farm |
| 13:41 | Build | Blacksmith |
| 13:46 | Research | Double-Bit Axe |
| 13:56 | Create | Villager (Male) |
| 14:04 | Create | Villager (Male) |
| 14:12 | Research | Castle Age |
| 14:34 | Build | House |
| 14:35 | Build | House |
| 14:36 | Build | House |
| 14:37 | Build | House |
| 14:54 | Build | Mining Camp |
| 15:00 | Research | Stone Mining |
| 15:29 | Build | House |
| 15:52 | Build | Palisade Gate |
| 15:55 | Build | House |
| 15:56 | Build | House |
| 16:23 | Create | Villager (Male) |
| 16:45 | Build | Barracks |
| 17:09 | Age | Castle Age |
| 17:11 | Create | Villager (Male) |
| 17:11 | Create | Villager (Male) |
| 17:16 | Build | Farm |
| 17:32 | Build | Barracks |
| 17:38 | Create | Villager (Male) |
| 17:41 | Research | Wheelbarrow |
| 17:44 | Research | Scale Mail Armor |
| 17:45 | Research | Forging |
| 17:53 | Research | Gold Mining |
| 18:13 | Create | Villager (Male) |
| 18:13 | Create | Villager (Male) |
| 18:26 | Research | Heavy Plow |
| 18:27 | Research | Bow Saw |
| 18:59 | Build | Castle |
| 19:15 | Build | Farm |
| 19:33 | Research | Squires |
| 19:37 | Create | Villager (Male) |
| 19:37 | Create | Villager (Male) |
| 20:03 | Create | Huskarl |
| 20:03 | Create | Huskarl |
| 20:31 | Build | Watch Tower |
| 20:42 | Build | Stable |
| 20:49 | Build | Barracks |
| 21:03 | Build | Watch Tower |
| 21:12 | Research | Fletching |
| 22:19 | Create | Knight |
| 22:20 | Create | Knight |
| 22:50 | Build | Watch Tower |
| 23:09 | Build | Palisade Wall |
| 23:25 | Research | Bodkin Arrow |
| 23:36 | Build | Siege Workshop |
| 24:04 | Create | Huskarl |
| 24:04 | Create | Huskarl |
| 24:29 | Create | Villager (Male) |
| 24:29 | Create | Villager (Male) |
| 24:51 | Create | Scorpion |
| 24:51 | Create | Scorpion |
| 24:58 | Build | Mining Camp |
| 25:08 | Create | Mangonel |
| 25:23 | Create | Huskarl |
| 25:23 | Create | Huskarl |
| 26:17 | Create | Huskarl |
| 26:17 | Create | Huskarl |
| 26:47 | Research | Anarchy |
| 27:09 | Build | Siege Workshop |
| 27:21 | Research | Pikeman (upgrade) |
| 27:22 | Create | Spearman |
| 27:22 | Create | Spearman |
| 28:26 | Build | Town Center |
| 29:56 | Create | Spearman |
| 29:57 | Create | Spearman |
| 30:11 | Create | Villager (Male) ×5 |
| 30:12 | Create | Villager (Male) ×5 |
| 30:12 | Create | Villager (Male) ×5 |
| 30:12 | Create | Villager (Male) ×5 |
| 30:22 | Build | Town Center |
| 31:18 | Build | House |
| 31:19 | Build | House |
Build order — Swordfish
First 150 of 228 actions detected
| 0:03 | Create | Villager (Male) |
| 0:04 | Create | Villager (Male) |
| 0:04 | Create | Villager (Male) |
| 0:21 | Create | Villager (Male) |
| 0:22 | Create | Villager (Male) |
| 0:25 | Research | Loom |
| 1:30 | Create | Villager (Male) |
| 1:59 | Create | Villager (Male) |
| 2:02 | Create | Villager (Male) |
| 2:42 | Create | Villager (Male) |
| 2:45 | Create | Villager (Male) |
| 3:11 | Create | Villager (Male) |
| 3:14 | Create | Villager (Male) |
| 3:54 | Create | Villager (Male) |
| 3:55 | Create | Villager (Male) |
| 3:55 | Create | Villager (Male) |
| 3:56 | Create | Villager (Male) |
| 4:03 | Create | Villager (Male) |
| 4:03 | Create | Villager (Male) |
| 4:11 | Create | Villager (Male) |
| 4:33 | Create | Villager (Male) |
| 4:34 | Create | Villager (Male) |
| 4:51 | Create | Villager (Male) |
| 4:52 | Create | Villager (Male) |
| 5:32 | Build | Mill |
| 6:19 | Create | Villager (Male) |
| 6:20 | Create | Villager (Male) |
| 6:20 | Create | Villager (Male) |
| 6:21 | Create | Villager (Male) |
| 6:21 | Create | Villager (Male) |
| 6:22 | Create | Villager (Male) |
| 6:22 | Create | Villager (Male) |
| 6:22 | Create | Villager (Male) |
| 6:24 | Create | Villager (Male) |
| 6:45 | Create | Villager (Male) |
| 7:04 | Build | Lumber Camp |
| 7:07 | Create | Villager (Male) |
| 7:19 | Create | Villager (Male) |
| 7:38 | Create | Villager (Male) |
| 7:41 | Create | Villager (Male) |
| 7:46 | Create | Villager (Male) |
| 7:46 | Create | Villager (Male) |
| 7:47 | Create | Villager (Male) |
| 7:47 | Create | Villager (Male) |
| 7:48 | Create | Villager (Male) |
| 7:49 | Create | Villager (Male) |
| 8:54 | Build | Mill |
| 9:59 | Research | Feudal Age |
| 10:05 | Create | Villager (Male) |
| 10:06 | Create | Villager (Male) |
| 10:10 | Build | Mining Camp |
| 10:17 | Create | Villager (Male) |
| 10:18 | Create | Villager (Male) |
| 10:46 | Build | Farm |
| 11:04 | Create | Villager (Male) |
| 11:09 | Create | Villager (Male) |
| 11:10 | Create | Villager (Male) |
| 12:14 | Build | Lumber Camp |
| 12:15 | Age | Feudal Age |
| 12:23 | Research | Wheelbarrow |
| 12:29 | Build | Blacksmith |
| 12:34 | Build | Market |
| 12:44 | Create | Villager (Male) |
| 12:46 | Create | Villager (Male) |
| 13:14 | Build | Barracks |
| 13:41 | Build | Lumber Camp |
| 13:55 | Research | Castle Age |
| 13:58 | Create | Villager (Male) |
| 13:58 | Create | Villager (Male) |
| 14:00 | Research | Town Watch |
| 14:05 | Research | Forging |
| 14:06 | Research | Scale Mail Armor |
| 14:06 | Research | Fletching |
| 14:07 | Research | Scale Barding Armor |
| 14:12 | Research | Gold Mining |
| 14:14 | Research | Double-Bit Axe |
| 14:31 | Research | Horse Collar |
| 14:34 | Build | Farm |
| 14:35 | Build | Farm |
| 14:36 | Build | Farm |
| 14:37 | Build | Farm |
| 15:02 | Build | Farm |
| 15:10 | Build | Mining Camp |
| 15:19 | Build | Farm |
| 15:21 | Build | Farm |
| 15:23 | Build | Farm |
| 15:24 | Build | Farm |
| 15:26 | Build | Farm |
| 15:28 | Build | Farm |
| 15:30 | Build | Farm |
| 15:32 | Build | Farm |
| 15:33 | Build | Farm |
| 15:41 | Research | Stone Mining |
| 16:12 | Build | Stable |
| 16:14 | Build | Stable |
| 16:35 | Age | Castle Age |
| 16:45 | Create | Villager (Male) |
| 16:51 | Create | Villager (Male) |
| 16:54 | Create | Villager (Male) |
| 16:55 | Create | Villager (Male) |
| 17:02 | Create | Villager (Male) |
| 17:08 | Build | Farm |
| 17:14 | Build | Farm |
| 17:17 | Build | Farm |
| 17:19 | Research | Bow Saw |
| 17:25 | Research | Heavy Plow |
| 18:21 | Build | Castle |
| 18:53 | Build | Stone Wall |
| 18:56 | Build | Gate |
| 19:05 | Build | Town Center |
| 19:09 | Create | Villager (Male) |
| 19:09 | Create | Villager (Male) |
| 19:15 | Research | Hand Cart |
| 19:16 | Create | Villager (Male) |
| 19:16 | Create | Villager (Male) |
| 19:58 | Build | Farm |
| 19:59 | Build | Farm |
| 20:00 | Build | Farm |
| 20:02 | Build | Farm |
| 20:06 | Build | Farm |
| 20:30 | Build | Palisade Wall |
| 20:37 | Build | Palisade Gate |
| 21:18 | Research | Imperial Age |
| 21:19 | Create | Villager (Male) |
| 21:20 | Create | Villager (Male) |
| 21:27 | Build | Farm |
| 21:29 | Build | Farm |
| 21:41 | Build | Farm |
| 21:43 | Build | Farm |
| 21:49 | Build | Farm |
| 21:55 | Build | Farm |
| 21:58 | Create | Villager (Male) |
| 22:01 | Create | Villager (Male) |
| 22:03 | Create | Villager (Male) |
| 22:03 | Create | Villager (Male) |
| 22:05 | Research | Gold Shaft Mining |
| 22:18 | Create | Villager (Male) |
| 22:19 | Create | Villager (Male) |
| 22:35 | Build | Town Center |
| 22:52 | Create | Villager (Male) |
| 22:53 | Create | Villager (Male) |
| 22:54 | Create | Villager (Male) |
| 22:58 | Research | Marauders |
| 23:06 | Research | Chain Barding Armor |
| 23:09 | Research | Iron Casting |
| 23:11 | Create | Villager (Male) |
| 23:11 | Create | Villager (Male) |
| 23:11 | Create | Villager (Male) |
| 23:15 | Create | Villager (Male) |
| 23:32 | Research | Bloodlines |
Build order — CDLP_Themachine
First 150 of 165 actions detected
| 0:07 | Build | House |
| 0:08 | Create | Villager (Male) |
| 0:08 | Create | Villager (Male) |
| 0:08 | Create | Villager (Male) |
| 0:09 | Create | Villager (Male) |
| 0:10 | Build | House |
| 0:11 | Build | House |
| 0:53 | Research | Loom |
| 1:08 | Build | House |
| 1:53 | Build | Lumber Camp |
| 1:56 | Create | Villager (Male) |
| 1:56 | Create | Villager (Male) |
| 2:16 | Create | Villager (Male) |
| 2:16 | Create | Villager (Male) |
| 2:45 | Create | Villager (Male) |
| 2:46 | Create | Villager (Male) |
| 3:06 | Build | House |
| 3:14 | Build | House |
| 3:18 | Create | Villager (Male) |
| 3:34 | Create | Villager (Male) |
| 3:34 | Create | Villager (Male) |
| 4:01 | Build | House |
| 4:02 | Build | Palisade Wall |
| 4:05 | Build | Palisade Wall |
| 4:21 | Build | Palisade Gate |
| 4:25 | Build | Palisade Wall |
| 4:37 | Create | Villager (Male) |
| 4:37 | Create | Villager (Male) |
| 4:46 | Create | Villager (Male) |
| 4:46 | Create | Villager (Male) |
| 4:46 | Create | Villager (Male) |
| 5:09 | Create | Villager (Male) |
| 5:09 | Create | Villager (Male) |
| 5:43 | Build | Mill |
| 5:54 | Create | Villager (Male) |
| 5:54 | Create | Villager (Male) |
| 5:54 | Create | Villager (Male) |
| 5:55 | Create | Villager (Male) |
| 6:04 | Build | House |
| 6:16 | Create | Villager (Male) |
| 6:36 | Create | Villager (Male) |
| 6:36 | Create | Villager (Male) |
| 6:53 | Build | Palisade Wall |
| 7:23 | Create | Villager (Male) |
| 7:23 | Create | Villager (Male) |
| 7:23 | Create | Villager (Male) |
| 7:38 | Build | Mining Camp |
| 7:57 | Create | Villager (Male) |
| 7:57 | Create | Villager (Male) |
| 8:28 | Research | Feudal Age |
| 9:24 | Build | House |
| 9:44 | Build | Barracks |
| 10:04 | Build | Palisade Wall |
| 10:04 | Build | Palisade Wall |
| 10:22 | Build | House |
| 10:38 | Age | Feudal Age |
| 11:12 | Create | Spearman |
| 11:19 | Research | Double-Bit Axe |
| 11:27 | Build | Palisade Wall |
| 11:30 | Build | Palisade Wall |
| 11:55 | Create | Villager (Male) |
| 11:56 | Create | Villager (Male) |
| 11:56 | Create | Villager (Male) |
| 12:33 | Build | Archery Range |
| 12:44 | Create | Spearman |
| 13:01 | Build | Palisade Wall |
| 13:14 | Create | Archer |
| 13:14 | Create | Archer |
| 13:15 | Create | Archer |
| 13:37 | Build | House |
| 13:41 | Create | Villager (Male) |
| 13:42 | Create | Villager (Male) |
| 14:03 | Create | Villager (Male) |
| 14:03 | Create | Villager (Male) |
| 14:07 | Create | Archer |
| 14:07 | Create | Archer |
| 14:07 | Create | Archer |
| 14:33 | Build | Palisade Gate |
| 14:59 | Build | Market |
| 15:15 | Build | Blacksmith |
| 15:23 | Create | Archer |
| 15:23 | Create | Archer |
| 15:36 | Build | House |
| 15:53 | Create | Villager (Male) |
| 15:54 | Create | Villager (Male) |
| 15:56 | Create | Villager (Male) |
| 15:56 | Create | Villager (Male) |
| 16:28 | Build | Archery Range |
| 17:00 | Build | Lumber Camp |
| 17:11 | Build | House |
| 17:12 | Build | House |
| 17:52 | Build | Mining Camp |
| 18:06 | Build | House |
| 18:52 | Build | House |
| 18:59 | Research | Castle Age |
| 19:05 | Create | Archer ×4 |
| 19:05 | Create | Archer ×4 |
| 19:07 | Create | Villager (Male) |
| 19:07 | Create | Villager (Male) |
| 19:08 | Create | Villager (Male) |
| 19:13 | Research | Gold Mining |
| 19:34 | Build | Stone Wall |
| 19:39 | Build | House |
| 20:19 | Build | House |
| 20:20 | Build | House |
| 20:47 | Build | Lumber Camp |
| 21:08 | Build | House |
| 21:39 | Age | Castle Age |
| 21:54 | Research | Crossbowman (upgrade) |
| 22:01 | Create | Villager (Male) |
| 22:01 | Create | Villager (Male) |
| 22:13 | Build | Dock |
| 22:26 | Build | Monastery |
| 22:36 | Create | Archer ×5 |
| 22:37 | Create | Archer ×5 |
| 22:37 | Create | Archer ×4 |
| 22:37 | Create | Archer ×4 |
| 22:57 | Create | Demolition Raft |
| 22:58 | Create | Demolition Raft |
| 24:01 | Build | House |
| 24:03 | Create | Monk |
| 24:26 | Research | Fletching |
| 25:00 | Build | Farm |
| 25:52 | Create | Fishing Ship |
| 25:52 | Create | Fishing Ship |
| 25:53 | Create | Fishing Ship |
| 25:59 | Research | Bow Saw |
| 26:05 | Create | Archer ×5 |
| 26:05 | Create | Archer ×5 |
| 26:05 | Create | Archer ×5 |
| 26:05 | Create | Archer ×5 |
| 26:06 | Create | Archer ×5 |
| 26:26 | Build | Castle |
| 26:46 | Build | Farm |
| 26:47 | Create | Villager (Male) |
| 26:48 | Create | Villager (Male) |
| 26:55 | Create | Archer ×5 |
| 26:55 | Create | Archer ×5 |
| 27:17 | Build | University |
| 27:21 | Build | Farm |
| 27:44 | Build | Farm |
| 27:46 | Build | Farm |
| 27:46 | Create | Villager (Male) |
| 27:47 | Create | Villager (Male) |
| 28:19 | Create | Archer |
| 28:19 | Create | Archer |
| 28:22 | Build | Farm |
| 29:53 | Build | Archery Range |
| 30:06 | Build | Archery Range |
| 30:25 | Research | Wheelbarrow |
Build order — Healthy girl
First 150 of 339 actions detected
| 0:05 | Build | House |
| 0:06 | Create | Villager (Male) |
| 0:06 | Create | Villager (Male) |
| 0:07 | Create | Villager (Male) |
| 0:08 | Create | Villager (Male) |
| 0:35 | Build | House |
| 0:49 | Build | Mill |
| 1:37 | Create | Villager (Male) |
| 1:55 | Create | Villager (Male) |
| 2:43 | Create | Villager (Male) |
| 2:53 | Create | Villager (Male) |
| 3:18 | Research | Loom |
| 3:25 | Create | Villager (Male) |
| 3:29 | Create | Villager (Male) |
| 3:55 | Create | Villager (Male) |
| 4:05 | Create | Villager (Male) |
| 4:07 | Create | Villager (Male) |
| 4:18 | Build | House |
| 4:19 | Build | House |
| 4:29 | Create | Villager (Male) |
| 4:30 | Create | Villager (Male) |
| 5:16 | Create | Villager (Male) |
| 5:39 | Create | Villager (Male) |
| 5:57 | Create | Villager (Male) |
| 5:58 | Create | Villager (Male) |
| 6:16 | Create | Villager (Male) |
| 6:17 | Create | Villager (Male) |
| 6:32 | Create | Villager (Male) |
| 6:33 | Create | Villager (Male) |
| 6:52 | Create | Villager (Male) |
| 7:00 | Create | Villager (Male) |
| 7:15 | Create | Villager (Male) |
| 7:15 | Create | Villager (Male) |
| 7:27 | Create | Villager (Male) |
| 7:28 | Create | Villager (Male) |
| 7:35 | Build | House |
| 7:56 | Build | House |
| 8:29 | Create | Villager (Male) |
| 8:38 | Build | Lumber Camp |
| 9:07 | Research | Feudal Age |
| 9:09 | Create | Villager (Male) |
| 9:10 | Create | Villager (Male) |
| 9:24 | Build | Mining Camp |
| 9:38 | Build | Lumber Camp |
| 10:16 | Create | Villager (Male) |
| 10:17 | Create | Villager (Male) |
| 10:18 | Create | Villager (Male) |
| 10:19 | Create | Villager (Male) |
| 10:49 | Build | Lumber Camp |
| 10:56 | Create | Villager (Male) |
| 10:56 | Create | Villager (Male) |
| 10:57 | Create | Villager (Male) |
| 10:57 | Create | Villager (Male) |
| 11:12 | Build | House |
| 11:14 | Build | House |
| 11:22 | Age | Feudal Age |
| 11:33 | Research | Wheelbarrow |
| 11:36 | Create | Villager (Male) |
| 11:36 | Create | Villager (Male) |
| 11:39 | Build | House |
| 11:40 | Build | House |
| 12:11 | Research | Horse Collar |
| 12:14 | Research | Double-Bit Axe |
| 12:16 | Build | Farm |
| 12:17 | Build | Farm |
| 12:17 | Build | Farm |
| 12:17 | Build | Farm |
| 12:24 | Create | Villager (Male) |
| 12:24 | Create | Villager (Male) |
| 12:30 | Build | House |
| 12:32 | Build | House |
| 12:32 | Build | House |
| 12:58 | Build | Barracks |
| 13:00 | Create | Villager (Male) |
| 13:07 | Build | Mill |
| 13:17 | Create | Villager (Male) |
| 13:18 | Create | Villager (Male) |
| 13:32 | Build | Farm |
| 13:32 | Build | Farm |
| 13:33 | Build | Farm |
| 13:33 | Build | Farm |
| 13:33 | Build | Farm |
| 13:33 | Build | Farm |
| 13:34 | Build | Farm |
| 13:41 | Build | House |
| 13:42 | Build | House |
| 14:07 | Create | Villager (Male) |
| 14:08 | Create | Villager (Male) |
| 14:12 | Build | Farm |
| 14:35 | Build | Farm |
| 14:37 | Create | Villager (Male) |
| 14:39 | Create | Villager (Male) |
| 14:41 | Build | Farm |
| 14:42 | Build | Farm |
| 14:42 | Build | Farm |
| 14:42 | Build | Farm |
| 14:49 | Build | House |
| 14:49 | Build | House |
| 14:50 | Build | House |
| 14:50 | Build | House |
| 14:55 | Build | Archery Range |
| 14:59 | Build | Archery Range |
| 15:17 | Create | Villager (Male) |
| 15:18 | Create | Villager (Male) |
| 15:19 | Create | Villager (Male) |
| 15:19 | Create | Villager (Male) |
| 15:37 | Build | Blacksmith |
| 15:39 | Create | Archer |
| 15:39 | Create | Archer |
| 15:43 | Create | Villager (Male) |
| 15:44 | Create | Villager (Male) |
| 15:47 | Build | House |
| 15:47 | Build | House |
| 15:48 | Build | House |
| 15:48 | Build | House |
| 16:08 | Build | Mining Camp |
| 16:15 | Build | Watch Tower |
| 16:18 | Create | Villager (Male) |
| 16:19 | Create | Villager (Male) |
| 16:23 | Create | Archer |
| 16:24 | Create | Archer |
| 16:37 | Build | Archery Range |
| 16:39 | Build | Farm |
| 16:40 | Create | Villager (Male) |
| 16:41 | Create | Villager (Male) |
| 16:54 | Build | Farm |
| 16:56 | Create | Villager (Male) |
| 16:57 | Create | Villager (Male) |
| 17:09 | Build | Farm |
| 17:11 | Build | Farm |
| 17:28 | Build | Market |
| 17:33 | Build | Farm |
| 17:44 | Build | Lumber Camp |
| 17:53 | Build | Farm |
| 18:05 | Build | Mining Camp |
| 18:09 | Research | Castle Age |
| 18:13 | Create | Archer |
| 18:13 | Create | Archer |
| 18:14 | Create | Archer |
| 18:25 | Build | House |
| 18:26 | Build | House |
| 18:32 | Build | Farm |
| 18:34 | Build | Farm |
| 18:55 | Build | Farm |
| 18:57 | Create | Villager (Male) |
| 18:57 | Create | Villager (Male) |
| 18:58 | Create | Villager (Male) |
| 18:58 | Create | Villager (Male) |
| 19:02 | Create | Villager (Male) |
| 19:02 | Create | Villager (Male) |
Build order — jaamiryu
First 150 of 404 actions detected
| 0:04 | Create | Villager (Male) |
| 0:05 | Create | Villager (Male) |
| 0:05 | Create | Villager (Male) |
| 0:05 | Create | Villager (Male) |
| 0:08 | Build | House |
| 0:09 | Build | House |
| 0:22 | Build | House |
| 0:23 | Build | House |
| 1:31 | Create | Villager (Male) |
| 1:32 | Create | Villager (Male) |
| 1:46 | Create | Villager (Male) |
| 1:46 | Create | Villager (Male) |
| 2:03 | Create | Villager (Male) |
| 2:03 | Create | Villager (Male) |
| 2:08 | Create | Villager (Male) |
| 2:09 | Create | Villager (Male) |
| 2:25 | Build | Lumber Camp |
| 2:32 | Create | Villager (Male) |
| 2:43 | Create | Villager (Male) |
| 2:54 | Create | Villager (Male) |
| 3:12 | Create | Villager (Male) |
| 3:13 | Create | Villager (Male) |
| 3:27 | Create | Villager (Male) |
| 3:28 | Create | Villager (Male) |
| 3:50 | Create | Villager (Male) |
| 3:51 | Create | Villager (Male) |
| 3:56 | Create | Villager (Male) |
| 3:57 | Create | Villager (Male) |
| 4:10 | Create | Villager (Male) |
| 4:10 | Create | Villager (Male) |
| 4:22 | Create | Villager (Male) |
| 4:25 | Build | Lumber Camp |
| 4:45 | Create | Villager (Male) |
| 4:46 | Create | Villager (Male) |
| 4:52 | Create | Villager (Male) |
| 4:52 | Create | Villager (Male) |
| 5:18 | Create | Villager (Male) |
| 5:18 | Create | Villager (Male) |
| 5:19 | Create | Villager (Male) |
| 5:24 | Build | House |
| 5:25 | Build | House |
| 5:50 | Create | Villager (Male) |
| 5:51 | Create | Villager (Male) |
| 6:13 | Build | Dock |
| 6:15 | Create | Villager (Male) |
| 6:19 | Create | Villager (Male) |
| 6:20 | Create | Villager (Male) |
| 6:20 | Create | Villager (Male) |
| 6:25 | Build | House |
| 6:28 | Build | House |
| 6:32 | Create | Villager (Male) |
| 7:04 | Create | Villager (Male) |
| 7:05 | Create | Villager (Male) |
| 7:17 | Build | Mill |
| 7:21 | Create | Fishing Ship |
| 7:22 | Create | Fishing Ship |
| 7:23 | Create | Villager (Male) |
| 7:47 | Create | Villager (Male) |
| 7:51 | Create | Villager (Male) |
| 7:52 | Create | Villager (Male) |
| 7:55 | Create | Fishing Ship |
| 7:56 | Create | Fishing Ship |
| 8:14 | Build | Mill |
| 8:25 | Create | Fishing Ship |
| 8:26 | Create | Villager (Male) |
| 8:36 | Create | Villager (Male) |
| 8:37 | Create | Villager (Male) |
| 8:51 | Build | Mining Camp |
| 8:57 | Build | House |
| 8:57 | Build | House |
| 9:00 | Build | House |
| 9:01 | Create | Villager (Male) |
| 9:02 | Create | Villager (Male) |
| 9:16 | Create | Fishing Ship |
| 9:24 | Create | Villager (Male) |
| 9:27 | Research | Loom |
| 9:27 | Research | Feudal Age |
| 9:29 | Create | Villager (Male) |
| 9:37 | Build | House |
| 9:38 | Build | House |
| 9:40 | Build | House |
| 9:42 | Build | House |
| 9:43 | Create | Villager (Male) |
| 9:46 | Create | Villager (Male) |
| 9:46 | Create | Villager (Male) |
| 10:12 | Create | Fishing Ship |
| 10:25 | Build | Barracks |
| 10:27 | Create | Villager (Male) |
| 10:40 | Build | House |
| 10:41 | Build | House |
| 10:43 | Build | House |
| 10:47 | Create | Villager (Male) |
| 11:09 | Create | Villager (Male) |
| 11:21 | Build | House |
| 11:26 | Build | House |
| 11:34 | Create | Fishing Ship |
| 11:47 | Build | Farm |
| 11:47 | Build | Farm |
| 12:02 | Age | Feudal Age |
| 12:07 | Build | Stable |
| 12:13 | Create | Villager (Male) |
| 12:14 | Create | Villager (Male) |
| 12:14 | Create | Villager (Male) |
| 12:14 | Create | Villager (Male) |
| 12:37 | Build | Blacksmith |
| 12:42 | Build | House |
| 12:43 | Create | Villager (Male) |
| 12:55 | Build | Farm |
| 12:56 | Create | Villager (Male) |
| 12:57 | Create | Villager (Male) |
| 13:16 | Build | Palisade Gate |
| 13:18 | Create | Villager (Male) |
| 13:23 | Build | Mining Camp |
| 13:26 | Create | Villager (Male) |
| 13:27 | Create | Villager (Male) |
| 13:29 | Create | Demolition Raft |
| 13:29 | Create | Demolition Raft |
| 13:29 | Create | Demolition Raft |
| 13:34 | Build | Farm |
| 13:53 | Create | Villager (Male) |
| 13:59 | Build | Farm |
| 14:11 | Build | Farm |
| 14:26 | Build | Stable |
| 14:30 | Create | Villager (Male) |
| 14:31 | Create | Villager (Male) |
| 14:32 | Create | Villager (Male) |
| 14:32 | Create | Villager (Male) |
| 14:34 | Build | Mining Camp |
| 14:41 | Build | Farm |
| 14:49 | Research | Double-Bit Axe |
| 14:55 | Build | Farm |
| 15:01 | Build | House |
| 15:02 | Build | House |
| 15:04 | Build | House |
| 15:06 | Build | House |
| 15:15 | Build | House |
| 15:16 | Build | House |
| 15:17 | Build | House |
| 15:18 | Build | House |
| 15:23 | Create | Villager (Male) |
| 15:25 | Research | Castle Age |
| 15:27 | Create | Villager (Male) |
| 15:28 | Create | Villager (Male) |
| 15:32 | Create | Villager (Male) |
| 15:47 | Create | Villager (Male) |
| 15:49 | Build | Farm |
| 15:51 | Build | Farm |
| 15:53 | Create | Villager (Male) |
| 15:54 | Create | Villager (Male) |
| 16:00 | Build | Stable |
Build order — Narcoxs
First 150 of 396 actions detected
| 0:03 | Create | Villager (Male) |
| 0:03 | Create | Villager (Male) |
| 0:03 | Create | Villager (Male) |
| 0:04 | Build | House |
| 0:05 | Build | House |
| 0:09 | Build | House |
| 0:10 | Create | Villager (Male) |
| 0:10 | Create | Villager (Male) |
| 0:11 | Build | House |
| 0:12 | Build | House |
| 0:36 | Research | Loom |
| 0:37 | Create | Villager (Male) |
| 0:50 | Create | Villager (Male) |
| 0:50 | Create | Villager (Male) |
| 1:41 | Create | Villager (Male) |
| 1:41 | Create | Villager (Male) |
| 1:41 | Create | Villager (Male) |
| 1:57 | Create | Villager (Male) |
| 1:57 | Create | Villager (Male) |
| 2:13 | Create | Villager (Male) |
| 2:13 | Create | Villager (Male) |
| 2:15 | Build | House |
| 2:18 | Build | House |
| 2:31 | Create | Villager (Male) |
| 2:31 | Create | Villager (Male) |
| 2:41 | Create | Villager (Male) |
| 3:06 | Create | Villager (Male) |
| 3:06 | Create | Villager (Male) |
| 3:19 | Build | House |
| 3:24 | Create | Villager (Male) |
| 3:24 | Create | Villager (Male) |
| 3:45 | Create | Villager (Male) |
| 3:46 | Create | Villager (Male) |
| 3:47 | Create | Villager (Male) |
| 3:47 | Create | Villager (Male) |
| 4:13 | Create | Villager (Male) |
| 4:13 | Create | Villager (Male) |
| 4:14 | Create | Villager (Male) |
| 4:40 | Create | Villager (Male) |
| 4:40 | Create | Villager (Male) |
| 4:41 | Create | Villager (Male) |
| 4:41 | Create | Villager (Male) |
| 4:55 | Create | Villager (Male) |
| 4:56 | Create | Villager (Male) |
| 4:56 | Create | Villager (Male) |
| 5:20 | Create | Villager (Male) |
| 5:34 | Build | Lumber Camp |
| 5:46 | Create | Villager (Male) |
| 5:46 | Create | Villager (Male) |
| 5:47 | Create | Villager (Male) |
| 6:18 | Create | Villager (Male) |
| 6:18 | Create | Villager (Male) |
| 6:18 | Create | Villager (Male) |
| 6:39 | Build | Lumber Camp |
| 6:50 | Create | Villager (Male) |
| 6:50 | Create | Villager (Male) |
| 7:11 | Build | Mill |
| 7:23 | Create | Villager (Male) |
| 7:23 | Create | Villager (Male) |
| 7:25 | Create | Villager (Male) |
| 7:25 | Create | Villager (Male) |
| 7:25 | Create | Villager (Male) |
| 7:38 | Create | Villager (Male) |
| 7:38 | Create | Villager (Male) |
| 7:38 | Create | Villager (Male) |
| 8:04 | Create | Villager (Male) |
| 8:04 | Create | Villager (Male) |
| 8:12 | Build | Dock |
| 8:21 | Build | Dock |
| 8:32 | Build | Dock |
| 8:33 | Create | Villager (Male) |
| 8:33 | Create | Villager (Male) |
| 8:33 | Create | Villager (Male) |
| 8:40 | Build | House |
| 8:42 | Build | House |
| 8:44 | Build | House |
| 8:46 | Build | House |
| 8:48 | Build | House |
| 8:49 | Build | House |
| 8:54 | Build | House |
| 8:58 | Create | Villager (Male) |
| 8:59 | Create | Villager (Male) |
| 8:59 | Create | Villager (Male) |
| 8:59 | Create | Villager (Male) |
| 9:14 | Build | Mill |
| 9:19 | Build | House |
| 9:20 | Build | House |
| 9:21 | Build | House |
| 9:30 | Create | Villager (Male) |
| 9:31 | Create | Villager (Male) |
| 9:31 | Create | Villager (Male) |
| 9:39 | Build | Lumber Camp |
| 9:41 | Create | Villager (Male) |
| 9:41 | Create | Villager (Male) |
| 9:41 | Create | Villager (Male) |
| 9:41 | Create | Villager (Male) |
| 9:51 | Create | Fishing Ship |
| 9:52 | Create | Fishing Ship |
| 9:52 | Create | Fishing Ship |
| 10:16 | Create | Fishing Ship |
| 10:17 | Create | Fishing Ship |
| 10:25 | Build | House |
| 10:55 | Research | Feudal Age |
| 11:00 | Build | Lumber Camp |
| 11:10 | Create | Fishing Ship |
| 11:11 | Create | Fishing Ship |
| 11:11 | Create | Fishing Ship |
| 11:11 | Create | Fishing Ship |
| 11:29 | Build | House |
| 11:31 | Build | House |
| 11:33 | Build | House |
| 11:35 | Build | House |
| 11:36 | Build | House |
| 11:38 | Build | House |
| 11:54 | Create | Villager (Male) |
| 11:54 | Create | Villager (Male) |
| 11:56 | Create | Fishing Ship |
| 11:56 | Create | Fishing Ship |
| 11:57 | Create | Fishing Ship |
| 11:57 | Create | Fishing Ship |
| 12:34 | Build | Dock |
| 12:39 | Build | Dock |
| 13:19 | Age | Feudal Age |
| 13:23 | Create | Villager (Male) |
| 13:23 | Create | Villager (Male) |
| 13:24 | Create | Villager (Male) |
| 13:25 | Create | Villager (Male) |
| 13:25 | Create | Villager (Male) |
| 13:34 | Build | Market |
| 13:38 | Build | Blacksmith |
| 13:56 | Build | Lumber Camp |
| 14:01 | Create | Fishing Ship |
| 14:01 | Create | Fishing Ship |
| 14:01 | Create | Fishing Ship |
| 14:22 | Build | House |
| 14:24 | Build | House |
| 14:25 | Build | House |
| 14:26 | Build | House |
| 14:27 | Build | House |
| 14:29 | Build | House |
| 14:30 | Build | House |
| 14:44 | Research | Castle Age |
| 14:56 | Build | Lumber Camp |
| 15:03 | Build | Dock |
| 15:07 | Create | Fishing Ship |
| 15:07 | Create | Fishing Ship |
| 15:07 | Create | Fishing Ship |
| 15:11 | Create | Fishing Ship |
| 15:11 | Create | Fishing Ship |
| 15:34 | Build | Mining Camp |
Match timeline
| 4:02 | CDLP_Themachine · wall_segment Palisade Wall x2 |
| 4:05 | CDLP_Themachine · wall_segment Palisade Wall x5 |
| 4:24 | mahoganygnu · first_building Dock |
| 4:25 | CDLP_Themachine · wall_segment Palisade Wall x5 |
| 6:13 | jaamiryu · first_building Dock |
| 6:31 | scl5724 · wall_segment Palisade Wall x1 |
| 6:53 | CDLP_Themachine · wall_segment Palisade Wall x7 |
| 8:03 | Verto1992 · wall_segment Palisade Wall x5 |
| 8:12 | Narcoxs · first_building Dock |
| 8:55 | scl5724 · first_building Barracks |
| 9:32 | Verto1992 · wall_segment Palisade Wall x3 |
| 9:35 | Verto1992 · wall_segment Palisade Wall x6 |
| 9:40 | Verto1992 · age_up feudal |
| 9:44 | CDLP_Themachine · first_building Barracks |
| 9:59 | scl5724 · wall_segment Palisade Wall x11 |
| 10:02 | Verto1992 · wall_segment Palisade Wall x9 |
| 10:04 | CDLP_Themachine · wall_segment Palisade Wall x1 |
| 10:04 | CDLP_Themachine · wall_segment Palisade Wall x1 |
| 10:16 | Verto1992 · wall_segment Palisade Wall x7 |
| 10:25 | jaamiryu · first_building Barracks |
| 10:38 | CDLP_Themachine · age_up feudal |
| 11:02 | scl5724 · wall_segment Palisade Wall x9 |
| 11:15 | Verto1992 · wall_segment Palisade Wall x1 |
| 11:22 | Healthy girl · age_up feudal |
| 11:26 | Verto1992 · wall_segment Palisade Wall x3 |
| 11:27 | CDLP_Themachine · wall_segment Palisade Wall x1 |
| 11:30 | CDLP_Themachine · wall_segment Palisade Wall x1 |
| 11:47 | Verto1992 · wall_segment Palisade Wall x2 |
| 12:02 | jaamiryu · age_up feudal |
| 12:07 | jaamiryu · first_building Stable |
| 12:12 | mahoganygnu · wall_segment Palisade Wall x18 |
| 12:15 | Swordfish · age_up feudal |
| 12:20 | scl5724 · wall_segment Palisade Wall x8 |
| 12:33 | CDLP_Themachine · first_building Archery Range |
| 12:49 | mahoganygnu · first_building Barracks |
| 12:58 | Healthy girl · first_building Barracks |
| 13:01 | CDLP_Themachine · wall_segment Palisade Wall x1 |
| 13:06 | mahoganygnu · age_up feudal |
| 13:14 | Swordfish · first_building Barracks |
| 13:19 | Narcoxs · age_up feudal |
| 14:41 | Narcoxs · first_market_sell 100 food |
| 14:55 | Healthy girl · first_building Archery Range |
| 15:42 | scl5724 · first_market_buy 100 stone |
| 15:47 | scl5724 · first_building Castle |
| 15:50 | Swordfish · first_market_sell 100 wood |
| 15:52 | Swordfish · first_market_buy 100 stone |
| 15:54 | mahoganygnu · wall_segment Stone Wall x17 |
| 16:12 | Swordfish · first_building Stable |
| 16:20 | jaamiryu · wall_segment Palisade Wall x1 |
| 16:24 | scl5724 · wall_segment Stone Wall x14 |
| 16:35 | Swordfish · age_up castle |
| 16:45 | Verto1992 · first_building Barracks |
| 17:06 | Narcoxs · first_building Barracks |
| 17:09 | Verto1992 · age_up castle |
| 17:17 | jaamiryu · wall_segment Palisade Wall x1 |
| 17:19 | mahoganygnu · age_up castle |
| 17:24 | Narcoxs · age_up castle |
| 17:27 | jaamiryu · wall_segment Stone Wall x1 |
| 17:34 | scl5724 · wall_segment Stone Wall x7 |
| 17:35 | scl5724 · wall_segment Stone Wall x2 |
| 17:37 | scl5724 · wall_segment Stone Wall x1 |
| 17:48 | scl5724 · wall_segment Stone Wall x4 |
| 17:48 | mahoganygnu · first_building Castle |
| 18:02 | Narcoxs · first_building Monastery |
| 18:05 | jaamiryu · age_up castle |
| 18:21 | Swordfish · first_building Castle |
| 18:41 | scl5724 · first_building Monastery |
| 18:50 | Verto1992 · first_market_buy 100 stone |
| 18:53 | Swordfish · wall_segment Stone Wall x10 |
| 18:59 | Verto1992 · first_building Castle |
| 19:14 | mahoganygnu · first_building Siege Workshop |
| 19:28 | mahoganygnu · first_market_sell 100 food |
| 19:34 | CDLP_Themachine · wall_segment Stone Wall x10 |
| 19:54 | jaamiryu · wall_segment Stone Wall x2 |
| 20:26 | Narcoxs · first_building Stable |
| 20:26 | jaamiryu · wall_segment Stone Wall x14 |
| 20:30 | Swordfish · wall_segment Palisade Wall x9 |
| 20:30 | jaamiryu · wall_segment Stone Wall x10 |
| 20:31 | scl5724 · first_building Archery Range |
| 20:32 | Narcoxs · first_market_buy 100 stone |
| 20:42 | Verto1992 · first_building Stable |
| 20:47 | Narcoxs · first_building Castle |
| 20:49 | Healthy girl · age_up castle |
| 21:19 | jaamiryu · first_building Castle |
| 21:31 | Healthy girl · first_building Siege Workshop |
| 21:39 | CDLP_Themachine · age_up castle |
| 21:50 | CDLP_Themachine · first_market_buy 100 food |
| 21:52 | mahoganygnu · first_building Monastery |
| 22:02 | mahoganygnu · first_market_buy 100 food |
| 22:13 | CDLP_Themachine · first_building Dock |
| 22:26 | CDLP_Themachine · first_building Monastery |
| 22:43 | Verto1992 · first_market_sell 100 food |
| 23:09 | Verto1992 · wall_segment Palisade Wall x1 |
| 23:36 | Verto1992 · first_building Siege Workshop |
| 23:51 | Swordfish · first_building Siege Workshop |
| 23:55 | Swordfish · wall_segment Palisade Wall x1 |
| 24:15 | Swordfish · wall_segment Palisade Wall x4 |
| 24:18 | Swordfish · wall_segment Palisade Wall x6 |
| 24:28 | Swordfish · age_up imperial |
| 25:07 | jaamiryu · wall_segment Stone Wall x9 |
| 26:26 | CDLP_Themachine · first_building Castle |
| 26:46 | jaamiryu · first_building Archery Range |
| 26:51 | scl5724 · first_market_sell 100 food |
| 27:29 | scl5724 · first_building Siege Workshop |
| 28:03 | jaamiryu · wall_segment Stone Wall x15 |
| 28:07 | jaamiryu · wall_segment Stone Wall x12 |
| 28:25 | Healthy girl · age_up imperial |
| 29:56 | Healthy girl · wall_segment Palisade Wall x1 |
| 29:58 | Narcoxs · age_up imperial |
| 30:42 | jaamiryu · age_up imperial |
| 32:34 | Narcoxs · first_building Archery Range |
| 33:05 | Healthy girl · first_building Castle |
| 33:07 | jaamiryu · first_market_sell 100 stone |
| 33:31 | Narcoxs · resign |
| 33:55 | Swordfish · first_building Monastery |
[ AI ANALYSIS · 1 CREDIT ]
What really happened in this match?
Wolo.gg analyzes every decision: build order, eco, micro, common mistakes by bracket. Personalized analysis on WhatsApp or Discord in 30 seconds.
Civ guide
Celts
Perfil
Jugador #248197